 Dungeon Crawl Stone Soup version 0.27.1-2-g3b301248ec (webtiles) character file.

Game seed: 4086566312616397374

924 bnorton916 the Conjurer (level 7, -1/36 HPs)
             Began as a Deep Elf Conjurer on Sept 27, 2021.
             Was a Follower of Vehumet.
             Succumbed to a killer bee's poison
             ... on level 6 of the Dungeon.
             The game lasted 00:09:31 (7521 turns).

bnorton916 the Conjurer (Deep Elf Conjurer)         Turns: 7521, Time: 00:09:32

Health: -1/36      AC:  5    Str: 10    XL:     7   Next: 84%
Magic:  11/17      EV: 12    Int: 25    God:    Vehumet [*.....]
Gold:   192        SH:  0    Dex: 13    Spells: 3/17 levels left

rFire    . . .     SeeInvis .   (no weapon)
rCold    . . .     Faith    .   (no shield)
rNeg     . . .     Spirit   .   a - +0 robe
rPois    .         Reflect  .   c - +0 helmet
rElec    .         Harm     .   k - +1 cloak {Will+}
rCorr    .         Rampage  .   (no gloves)
Will     +....                  (no boots)
Stlth    ++........             (no amulet)
HPRegen  0.12/turn              l - +6 ring of strength
MPRegen  0.15/turn              (no ring)

@: lethally poisoned (-1 -> -7), attractive
A: no striking features
a: Renounce Religion


You were on level 6 of the Dungeon.
You worshipped Vehumet.
Vehumet was aware of your devotion.
You visited 2 branches of the dungeon, and saw 7 of its levels.
You also visited: Sewer.

You collected 192 gold pieces.

Inventory:

Hand Weapons
 o - the +5 spear of Gallantry {protect, Int-2 Dex+2 Stlth+}
   (You took it off an orc wizard on level 7 of the Dungeon)

   It grants its wielder temporary protection when it strikes (+7 to AC).
   Int:       It affects your intelligence (-2).
   Dex:       It affects your dexterity (+2).
   Stlth:     It makes you more stealthy.
Missiles
 d - 12 javelins (quivered)
Armour
 a - a +0 robe (worn)
 c - a +0 helmet (worn)
 k - a +1 cloak of willpower (worn)
Jewellery
 l - a +6 ring of strength (left hand)
Wands
 n - a wand of iceblast (8)
Scrolls
 b - a scroll of fog
 f - 2 scrolls of noise
 h - a scroll of enchant armour {unknown}
 m - a scroll of teleportation {unknown}
 p - a scroll of summoning {unknown}
 q - a scroll of blinking
Potions
 g - a potion of invisibility {unknown}
 i - a potion of heal wounds {unknown}
 j - 5 potions of flight
 r - 2 potions of mutation


   Skills:
 - Level 2.4 Dodging
 - Level 2.4 Stealth
 - Level 5.5 Spellcasting
 - Level 5.9 Conjurations
 + Level 5.7 Hexes
 + Level 5.0 Translocations
 - Level 2.0 Air Magic
 - Level 2.0 Poison Magic


You had 3 spell levels left.
You knew the following spells:

 Your Spells              Type           Power      Damage    Failure   Level
a - Magic Dart            Conj           100%       1d8       1%          1
b - Searing Ray           Conj           72%        3d6       1%          2
c - Fulminant Prism       Conj/Hex       18%        3d11      7%          4
d - Iskenderun's Mystic   Conj/Tloc      34%        2d8       8%          4
e - Poisonous Vapours     Pois/Air       32%        N/A       5%          2
f - Foxfire               Conj/Fire      84%        2x1d8     2%          1

Your spell library contained the following spells:

 Spells                   Type           Power      Damage    Failure   Level
 Apportation              Tloc           64%        N/A       1%          1
 Corona                   Hex            38%        N/A       1%          1
 Slow                     Hex            35%        N/A       1%          2
 Dazzling Flash           Conj/Hex       72%        N/A       1%          3
 Confusing Touch          Hex            35%        N/A       2%          3
 Sting                    Tmut/Pois      44%        1d5       5%          1
 Animate Skeleton         Necr           12%        N/A       8%          1
 Summon Small Mammal      Summ           24%        N/A       8%          1
 Olgreb's Toxic Radiance  Pois           16%        N/A       34%         4
 Yara's Violent Unravell  Hex/Tmut       10%        3d6       54%         5


Dungeon Overview and Level Annotations

Branches:
Dungeon (7/15)             Temple (1/1) D:7           Sewer (visited)

Altars:
Ashenzari
Cheibriados
Dithmenos
Kikubaaqudgha
Makhleb
Nemelex Xobeh
Okawaru
Trog
Uskayaw
Vehumet
Wu Jian

Shops:
D:1 [


Message History

The spell is quite dangerous to cast (9% risk of failure)!
Continue anyway?
You erupt in a blast of force!
The mystic blast hits the killer bee!
The killer bee is severely wounded.
The killer bee is knocked back by the mystic blast.
The killer bee slams into the rock wall!
You kill the killer bee!
Vehumet accepts your kill.
Your Translocations skill increases to level 5!
You start resting.
A killer bee is nearby!
A killer bee is nearby!
A killer bee is nearby!
A killer bee is nearby!
You see here a killer bee corpse.
The killer bee barely misses you. The killer bee stings you!
The killer bee closely misses you. The killer bee barely misses you.
Casting: Iskenderun's Mystic Blast (quite dangerous; 8% risk of failure)
Confirm with . or Enter, or press ? or * to list all spells.
Aiming: Poisonous Vapours (safe; 5% risk of failure)
Press: ? - help, Dir - move target, f - killer bee
Aim: a killer bee Poisonous vapours surround the killer bee!
The killer bee is poisoned.
The killer bee stings you!
* * * LOW HITPOINT WARNING * * *
The killer bee closely misses you.
Casting: Poisonous Vapours (safe; 5% risk of failure)
Confirm with . or Enter, or press ? or * to list all spells.
The spell is quite dangerous to cast (8% risk of failure)!
Continue anyway?
You erupt in a blast of force!
The mystic blast hits the killer bee!
The killer bee is heavily wounded.
The killer bee is knocked back by the mystic blast.
The killer bee slams into the rock wall!
The killer bee stings you.
* * * LOW HITPOINT WARNING * * *
You are lethally poisoned!
The killer bee poisons you! The killer bee stings you.
* * * LOW HITPOINT WARNING * * *
It was a potion of attraction.
You feel attractive to monsters.
You die...

#.#
##################.##########
#........##.........#........
#.######.##.####......######.
#.######.##.#####...#.# #.
#...............##.†#.######.
#.###.##.##.###.......##.....
#.###.##.##y######.†####.###.
#........##.@.......# #.
#.###.##.########...# #. #.#
#.##.# #.....# #. #.###.##.##
#.......## ##.
#.........####.........#.##..
#####........+.........+.....
#.#...####.........####..
#.##.## ##......<## ##. #.#
## #... #.


You could see a killer bee (poisoned).

Vanquished Creatures
  A water moccasin (D:7)
  An orc warrior (D:7)
  A scorpion (D:6)
  A water moccasin skeleton (D:6)
  4 killer bees (D:6)
  A crimson imp (D:3)
  2 centaur zombies (D:6)
  A bullfrog zombie (D:7)
  A centaur skeleton (D:7)
  Crazy Yiuf (D:2)
  An iguana (D:6)
  2 orc wizards (D:7)
  A howler monkey zombie (D:6)
  4 gnolls (D:3)
  2 adders
  6 worms
  A dart slug (D:1)
  6 orcs (D:7)
  11 bats
  10 endoplasms
  9 giant cockroaches
  3 goblins
  3 hobgoblins
  6 jackals
  A kobold (D:1)
  7 quokkas
  4 ball pythons
  3 frilled lizards
  A rat (D:3)
95 creatures vanquished.

Vanquished Creatures (others)
  5 foxfires (D:6)
  A fulminant prism (D:7)
6 creatures vanquished.

Grand Total: 101 creatures vanquished

Notes
Turn   | Place    | Note
-------+----------+-------------------------------------------
     0 | D:1      | bnorton916 the Deep Elf Conjurer began the quest for the
                  | Orb.
     0 | D:1      | Reached XP level 1. HP: 10/10 MP: 6/6
   333 | D:1      | Reached XP level 2. HP: 15/15 MP: 3/8
   459 | D:1      | Found a faded altar of an unknown god.
   460 | D:1      | Noticed a golden eye
   461 | D:1      | Noticed an eye of devastation
   462 | D:1      | Noticed an eye of devastation
   462 | D:1      | Noticed an eye of devastation
   487 | D:1      | Found Keixuhaj's Antique Armour Shop.
  1078 | D:2      | Learned a level 2 spell: Searing Ray
  1139 | D:2      | Reached skill level 5 in Conjurations
  1139 | D:2      | Reached XP level 3. HP: 19/19 MP: 7/10
  1221 | D:2      | Found a runed translucent door.
  1222 | D:2      | Noticed Crazy Yiuf
  1465 | D:2      | Killed Crazy Yiuf
  2323 | D:3      | Reached XP level 4. HP: 22/24 MP: 4/12
  2510 | D:3      | Reached skill level 5 in Spellcasting
  2521 | D:3      | Learned a level 4 spell: Fulminant Prism
  2526 | D:3      | Learned a level 4 spell: Iskenderun's Mystic Blast
  2529 | D:3      | Learned a level 2 spell: Poisonous Vapours
  3034 | D:3      | Found a radiant altar of Vehumet.
  3040 | D:3      | Reached XP level 5. HP: 23/28 MP: 9/15
  3087 | D:3      | Found a burning altar of Makhleb.
  3093 | D:3      | Became a worshipper of Vehumet
  3206 | D:4      | You fall into a shaft and drop 3 floors!
  3544 | D:7      | Noticed a water moccasin
  3550 | D:7      | Killed a water moccasin
  3551 | D:7      | Reached skill level 1 in Translocations
  3551 | D:7      | Reached skill level 1 in Air Magic
  3551 | D:7      | Reached skill level 1 in Poison Magic
  3551 | D:7      | Reached XP level 6. HP: 21/32 MP: 9/16
  3890 | D:7      | Identified the +5 spear of Gallantry {protect, Int-2 Dex+2
                  | Stlth+}
  4174 | D:7      | Found an iron altar of Okawaru.
  4210 | D:7      | Found a staircase to the Ecumenical Temple.
  4219 | Temple   | Entered the Ecumenical Temple
  4242 | D:7      | Noticed an orc warrior
  4251 | D:7      | Killed an orc warrior
  4576 | D:6      | Reached XP level 7. HP: 32/36 MP: 10/17
  4686 | D:6      | Found a glowing drain.
  4748 | Sewer    | Entered a sewer
  4751 | Sewer    | Reached * piety under Vehumet
  4751 | Sewer    | Offered knowledge of Foxfire by Vehumet.
  5047 | Sewer    | Learned a level 1 spell: Foxfire
  7056 | D:6      | Reached skill level 5 in Hexes
  7496 | D:6      | Reached skill level 5 in Translocations
  7520 | D:6      | HP: 1/36 [killer bee (5)]
  7521 | D:6      | Succumbed to a killer bee's poison

Illustrated notes

Levels and vault maps discovered:
D:1:      scummos_arrival_forest, layout_basic, serial_shops, shop,
          hellmonk_ecumenical_altar_watching_god
D:2:      layout_basic, skrybe_limestone_x, uniq_crazy_yiuf_cottage
D:3:      layout_basic, grunt_temple_overflow_lords_of_destruction
D:4:      layout_rooms
D:6:      minmay_angry_zag, layout_loops_corners, portal_sewer_entry_f,
          serial_shops, shop
D:7:      layout_basic, okawaru_gym_becter, minmay_temple_entry_overgrown,
          hangedman_abyss_or_decor_stabs, uniq_duvessa
Temple:   nicolae_temple_x_marks_the_god

Skill      XL: |  1  2  3  4  5  6  7 |
---------------+----------------------+-----
Spellcasting   | 4 5 |  5.5
Conjurations   | 5 |  5.9
Hexes          | 2 3 5 |  5.7
Translocations | 1 3 5 |  5.0
Air Magic      | 1 2 |  2.0
Poison Magic   | 1 2 |  2.0
Dodging        | |  2.4
Stealth        | |  2.4

Action                   |  1- 3 |  4- 6 |  7- 9 || total
-------------------------+-------+-------+-------++-------
Throw: Javelin           |     2 |       |       ||     2
 Cast: Magic Dart        |    50 |    43 |    30 ||   123
       Searing Ray       |     4 |    10 |    14 ||    28
       Poisonous Vapours |       |     2 |    14 ||    16
       Fulminant Prism   |       |     1 |       ||     1
       Foxfire           |       |       |     4 ||     4
       Iskenderun's Myst |       |       |     3 ||     3
  Use: Scroll            |       |     3 |       ||     3
       Potion            |       |       |     2 ||     2
Armor: Robe              |     2 |     4 |    22 ||    28
Dodge: Dodged            |     7 |    14 |    40 ||    61
